 Dungeon Crawl Stone Soup version 0.28-a0-819-g6ef7baa362 (webtiles) character file.

Game seed: 4194393261805247941

693 Rennog the Caller (level 7, -4/38 HPs)
             Began as a Tengu Summoner on Nov 6, 2021.
             Was an Initiate of Hepliaklqana.
             Slain by a water moccasin (7 damage)
             ... on level 5 of the Dungeon on Nov 8, 2021.
             The game lasted 00:13:45 (6992 turns).

Rennog the Caller (Tengu Summoner)                  Turns: 6992, Time: 00:13:47

Health: -4/38      AC:  2    Str: 12    XL:     7   Next: 64%
Magic:  15/15      EV: 16    Int: 17    God:    Hepliaklqana [......]
Gold:   208        SH:  0    Dex: 15    Spells: 9/15 levels left

rFire   + . .      SeeInvis .   l - +1 mace (holy)
rCold   . . .      Faith    .   (no shield)
rNeg    . . .      Spirit   .   u - +0 robe "Ocech" {Will+ Str+4}
rPois   .          Reflect  .   (helmet restricted)
rElec   .          Harm     .   (no cloak)
rCorr   .          Rampage  .   (no gloves)
Will    +....                   (boots unavailable)
Stlth   ++........              (no amulet)
HPRegen 0.12/turn               j - ring of protection from fire
MPRegen 0.14/turn               (no ring)

@: lethally poisoned (-4 -> -10), flying quickly and evasively, quick
A: beak, talons 3, nimble flight
a: Renounce Religion


You were on level 5 of the Dungeon.
You worshipped Hepliaklqana.
Hepliaklqana was noncommittal.
You visited 2 branches of the dungeon, and saw 6 of its levels.
You also visited: Ossuary.

You collected 208 gold pieces.

Inventory:

Hand Weapons
 c - a +0 short sword
 l - a +1 mace of holy wrath (weapon)
Armour
 a - a +0 robe
 u - the +0 robe "Ocech" (worn) {Will+ Str+4}
   (You found it on level 5 of the Dungeon)

   Str:       It affects your strength (+4).
   Will:      It increases your willpower.
Jewellery
 j - a ring of protection from fire (left hand)
Wands
 n - a wand of paralysis (8)
Scrolls
 b - 3 scrolls of identify
 d - a scroll of summoning {unknown}
 i - a scroll of enchant armour {unknown}
 m - a scroll of magic mapping {unknown}
 p - a scroll of torment {unknown}
 q - 3 scrolls of enchant weapon {unknown}
 r - 6 scrolls of teleportation
 s - a scroll of acquirement {unknown}
 t - 3 scrolls of vulnerability {unknown}
 v - 2 scrolls of fear {unknown}
Potions
 e - a potion of haste {unknown}
 f - a potion of lignification {unknown}
 h - a potion of ambrosia {unknown}
 k - a potion of magic
 o - a potion of might {unknown}
 w - 2 potions of brilliance {unknown}
 x - a potion of attraction {unknown}
 z - a potion of heal wounds {unknown}


   Skills:
 + Level 1.2 Fighting
 - Level 4.0 Dodging
 - Level 2.0 Stealth
 * Level 4.8 Spellcasting
 + Level 1.8 Conjurations
 * Level 7.6 Summonings
 + Level 1.7 Air Magic


You had 9 spell levels left.
You knew the following spells:

 Your Spells              Type           Power      Damage    Failure   Level
a - Summon Small Mammal   Summ           100%       N/A       1%          1
b - Call Imp              Summ           30%        N/A       1%          2
c - Call Canine Familiar  Summ           30%        N/A       1%          3

Your spell library contained the following spells:

 Spells                   Type           Power      Damage    Failure   Level
 Summon Guardian Golem    Hex/Summ       17%        N/A       9%          3
 Foxfire                  Conj/Fire      28%        2x1d5     10%         1
 Summon Lightning Spire   Summ/Air       20%        N/A       22%         4
 Conjure Flame            Conj/Fire      7%         6-21      30%         3
 Stone Arrow              Conj/Erth      14%        3d7       30%         3
 Animate Armour           Summ/Erth      34%        N/A       30%         4
 Inner Flame              Hex/Fire       4%         N/A       41%         3
 Flame Wave               Conj/Fire      7%         3d4       69%         4
 Lehudib's Crystal Spear  Conj/Erth      3%         10d3      100%        8


Dungeon Overview and Level Annotations

Branches:
Dungeon (5/15)             Temple (1/1) D:4         Ossuary (visited)

Altars:
Ashenzari
Cheibriados
Elyvilon
Fedhas
Gozag
Hepliaklqana
Kikubaaqudgha
Makhleb
Nemelex Xobeh
Okawaru
Qazlal
Ru
Sif Muna
Trog
Uskayaw
Vehumet
Wu Jian
Zin
The Shining One


Innate Abilities, Weirdness & Mutations

You have a beak for a mouth.
You have claws for feet.
Your magical nature lets you fly swiftly and evasively.


Message History

Your crimson imp blinks!
The water moccasin bites your quokka.
Your quokka closely misses the water moccasin.
Your hound bites the water moccasin.
The water moccasin misses your quokka.
Your hound bites the water moccasin.
Your quokka barely misses the water moccasin.
The water moccasin closely misses your quokka.
Your hound completely misses the water moccasin.
Your quokka bites the water moccasin.
The water moccasin bites your quokka.
Your quokka dies!
Your quokka's corpse disappears in a puff of smoke!
Your hound barely misses the water moccasin.
Your crimson imp hits the water moccasin.
You hit the water moccasin. Your kick misses the water moccasin.
The water moccasin is heavily wounded.
Your hound closely misses the water moccasin.
The water moccasin barely misses you.
Your hound misses the water moccasin. The water moccasin misses you.
Your crimson imp barely misses the water moccasin.
You miss the water moccasin. Your peck misses the water moccasin.
The water moccasin is heavily wounded.
Your hound bites the water moccasin but does no damage.
The water moccasin bites you!
You are poisoned.
The water moccasin poisons you!
Your hound bites the water moccasin but does no damage.
Your crimson imp barely misses the water moccasin.
The water moccasin closely misses you.
Your hound barely misses the water moccasin.
You feel sick.
Your crimson imp blinks!
The water moccasin bites you.
* * * LOW HITPOINT WARNING * * *
It was a potion of magic.
Magic courses through your body.
* * * LOW HITPOINT WARNING * * *
You feel sick.
Your hound closely misses the water moccasin.
Your crimson imp blinks!
The water moccasin bites you!
You die...

###########
......hS@.#
.....§.†..#
####.#.5..#
# ##.###
#§# #.# #.#
#.# #.#


You could see a water moccasin (ally target), a friendly hound (summoned) and a
friendly crimson imp (summoned).

Vanquished Creatures
  A centaur zombie (Ossuary)
  A human zombie (Ossuary)
  2 mummies (Ossuary)
  A howler monkey skeleton (D:4)
  3 adders
  An adder skeleton (D:4)
  2 dart slugs (D:2)
  An orc (D:5)
  A ball python (D:2)
  4 bats
  3 endoplasms
  2 giant cockroaches
  3 hobgoblins
  5 kobolds
  2 quokkas (D:1)
  A frilled lizard (D:2)
  4 goblins
  6 hobgoblin zombies (Ossuary)
  A jackal zombie (Ossuary)
  3 kobold zombies (Ossuary)
  2 orc zombies (Ossuary)
  3 rats
  2 rat zombies (Ossuary)
54 creatures vanquished.

Vanquished Creatures (collateral kills)
  An ogre (D:4)
  A phantom (D:4)
  A scorpion (D:5)
  A centaur zombie (Ossuary)
  A hound (D:4)
  Jessica (D:3)
  4 iguanas
  An orc wizard (D:4)
  2 adders
  A white imp (D:4)
  An adder skeleton (D:4)
  2 dart slugs
  4 orcs (D:4)
  A ball python (D:1)
  An endoplasm (D:1)
  2 giant cockroaches
  3 hobgoblins
  2 quokkas
  A bat (D:1)
  8 hobgoblin zombies (Ossuary)
  2 jackal zombies (Ossuary)
  5 kobolds
  6 kobold zombies (Ossuary)
  3 orc zombies (Ossuary)
  3 rats
  A rat zombie (Ossuary)
59 creatures vanquished.

Vanquished Creatures (others)
  3 withered plants (D:2)
3 creatures vanquished.

Grand Total: 116 creatures vanquished

Notes
Turn   | Place    | Note
-------+----------+-------------------------------------------
     0 | D:1      | Rennog the Tengu Summoner began the quest for the Orb.
     0 | D:1      | Reached XP level 1. HP: 10/10 MP: 4/4
    89 | D:1      | Reached skill level 5 in Summonings
   219 | D:1      | Reached XP level 2. HP: 15/15 MP: 6/6
   222 | D:1      | Learned a level 2 spell: Call Imp
  1856 | D:2      | Reached XP level 3. HP: 19/19 MP: 4/7
  3008 | D:2      | Reached XP level 4. HP: 18/24 MP: 9/9
  3134 | D:2      | Found a faded altar of an unknown god.
  3141 | D:2      | Prayed at the altar of an unknown god.
  3141 | D:2      | Became a worshipper of Elyvilon the Healer
  3141 | D:2      | Reached * piety under Elyvilon
  3195 | D:2      | Learned a level 3 spell: Call Canine Familiar
  3200 | D:3      | Fell from the grace of Elyvilon
  3331 | D:3      | Noticed Jessica
  3338 | D:3      | Killed Jessica
  3339 | D:3      | Reached skill level 6 in Summonings
  3513 | D:3      | Gained mutation: Your magical nature lets you fly swiftly
                  | and evasively. [Tengu growth]
  3513 | D:3      | Reached XP level 5. HP: 25/28 MP: 5/10
  4390 | D:4      | Noticed a phantom
  4402 | D:4      | Killed a phantom
  4403 | D:4      | Reached XP level 6. HP: 14/32 MP: 5/12
  4908 | D:4      | Upgraded the game from 0.28-a0-802-g09f76e8c00 to
                  | 0.28-a0-819-g6ef7baa362
  4972 | D:4      | Reached skill level 7 in Summonings
  5055 | D:4      | Found a staircase to the Ecumenical Temple.
  5061 | Temple   | Entered the Ecumenical Temple
  5391 | Temple   | Became a worshipper of Hepliaklqana the Forgotten
  6055 | D:5      | Entered Level 5 of the Dungeon
  6092 | D:5      | Reached XP level 7. HP: 36/36 MP: 9/14
  6179 | D:5      | Identified the +0 robe "Ocech" {Will+ Str+4}
  6236 | D:5      | Found a sand-covered staircase.
  6245 | Ossuary  | Entered an ossuary
  6420 | Ossuary  | Reached skill level 1 in Air Magic
  6428 | Ossuary  | Reached skill level 1 in Conjurations
  6462 | Ossuary  | Reached skill level 1 in Fighting
  6992 | D:5      | Slain by a water moccasin

Illustrated notes

Levels and vault maps discovered:
D:1:      dpeg_arrival_boxorama, layout_loops_corners
D:2:      minmay_angry_zag, layout_basic, ebering_ecumenical_altar_petrified
D:3:      layout_basic, uniq_jessica
D:4:      layout_basic, minmay_temple_entry_enclosed_plants
D:5:      layout_basic, enter_ossuary_5, minmay_mini_ossuary
Temple:   dpeg_five_rooms_temple

Skill      XL: |  1  2  3  4  5  6  7 |
---------------+----------------------+-----
Summonings     | 5 6 7 |  7.6
Spellcasting   | 3 4 |  4.8
Dodging        | 3 4 |  4.0
Air Magic      | 1 |  1.7
Conjurations   | 1 |  1.8
Fighting       | 1 |  1.2
Stealth        | |  2.0

Action                   |  1- 3 |  4- 6 |  7- 9 || total
-------------------------+-------+-------+-------++-------
Melee: Short sword       |    60 |       |       ||    60
       Kick              |    15 |     4 |    10 ||    29
       Peck              |     7 |     8 |     3 ||    18
       Mace              |     5 |    54 |    48 ||   107
 Cast: Summon Small Mamm |    31 |    20 |    15 ||    66
       Call Imp          |    17 |    10 |    10 ||    37
       Call Canine Famil |       |    10 |     9 ||    19
Invok: Renounce Religion |       |     1 |       ||     1
  Use: Potion            |       |       |     4 ||     4
       Scroll            |       |       |     2 ||     2
 Stab: Sleeping          |     6 |     6 |     1 ||    13
       Distracted        |       |     3 |     2 ||     5
Armor: Robe              |    20 |     8 |     6 ||    34
Dodge: Dodged            |    47 |    37 |    47 ||   131

Table legend: (Time is in decaauts)
 A = Elapsed time spent in this place.
 B = Non-inter-level travel time spent in this place.
 C = Inter-level travel time spent in this place.
 D = Time resting spent in this place.
 E = Time spent auto-exploring this place.
 F = Levels seen in this place.
 G = Mean time per level.
                   A        B        C        D        E       F      G
               +--------+--------+--------+--------+--------+-----+--------+
         Total |   6881 |   6564 |    317 |     10 |   5696 |   7 |  983.0 |
       Dungeon |   5990 |   5782 |    208 |     10 |   5065 |   5 | 1198.0 |
        Temple |    345 |    237 |    108 |      0 |    223 |   1 |  345.0 |
       Ossuary |    545 |    545 |      0 |      0 |    407 |   1 |  545.0 |
               +--------+--------+--------+--------+--------+-----+--------+

Top non-repeatable levels by time:
     D:4: 1612 daAuts
     D:2: 1611 daAuts
     D:1: 1585 daAuts
     D:3: 803 daAuts
 Ossuary: 545 daAuts
     D:5: 377 daAuts
  Temple: 345 daAuts
